Map: Winter's Gate LE

Players

Djorn - Winner!

  • Race: Protoss Protoss
  • Spawn Location: 11:00

A.I. 1 (Very Easy)

  • Race: Terran Terran
  • Spawn Location: 5:00

VOD

Have the link to the VOD?

Description

Time

  • Played on: Aug. 22, 2019, 8:43 p.m.
  • Length: 5:07
Show
View Real Time Build Order
Export as new Build Order

Djorn Protoss - Winner!

Build Orders:  

Get SALT Encoding   

  12  0:07  Probe  
  13  0:19  Probe  
  14  0:26  Pylon  
  14  0:31  Probe  
  15  0:47  Probe  
  15  0:51  Gateway  
  15  0:55  Probe  
  16  1:00  Assimilator  
  17  1:04  Probe  
  18  1:16  Probe  
  18  1:18  Pylon  
  19  1:26  Assimilator  
  19  1:28  Probe  
  20  1:41  Probe  
  20  1:45  Cybernetics Core  
  21  1:47  Gateway  
  21  1:50  Gateway  
  21  2:01  Gateway  
  21  2:03  Probe  
  22  2:15  Probe  
  23  2:34  Twilight Council  
  23  2:37  Probe  
  24  2:47  Adept x3  
  24  2:49  Probe  
  31  2:55  Pylon  
  31  3:04  Pylon  
  31  3:11  Resonating Glaives  
  31  3:13  Adept  
  31  3:15  Adept  
  31  3:17  Adept  
  33  3:22  Adept  
Show
View Real Time Build Order
Export as new Build Order

A.I. 1 (Very Easy) Terran 

Build Orders:  

Get SALT Encoding   

  12  0:00  SCV  
  13  0:13  SCV  
  14  0:18  Supply Depot  
  14  0:37  Refinery  
  14  0:43  Barracks  
  14  1:05  Supply Depot  
  14  1:11  Refinery  
  14  1:29  Barracks Tech Lab  
  14  1:30  Orbital Command  
  14  1:47  Marauder  
  16  1:55  SCV  
  17  2:08  SCV  
  18  2:20  SCV  
  19  2:32  Marine, SCV  
  22  2:44  SCV  
  22  2:56  SCV  
  23  3:17  Marine  
  24  4:28  Marine, SCV  
  24  4:30  Supply Depot  
  21  4:42  SCV  
  13  4:54  SCV  
Tags
 
Matchup
PvT
Replay Pack
sc2replays
Spawn Locations
Cross Positions
Add a new tag
Caveats
  • Supply blocks, unpowered buildings, or Contaminate may cause inaccurate times.
  • Supply counts are checked every 10 seconds.